 Dungeon Crawl Stone Soup version 0.21-a0-426-g98080a9 (webtiles) character file.

7 karf the Magician (level 1, 0/10 HPs)
             Began as a Deep Elf Air Elementalist on Nov 5, 2017.
             Succumbed to an adder's poison
             ... on level 1 of the Dungeon.
             The game lasted 00:01:24 (985 turns).

karf the Magician (Deep Elf Air Elementalist)        Turns: 985, Time: 00:01:24

Health: 0/10       AC:  3    Str:  5    XL:     1   Next: 91%
Magic:  6/6        EV: 13    Int: 19    God:
Gold:   61         SH:  0    Dex: 15    Spells: 5/6 levels left

rFire    . . .     SeeInvis .   g - +0 short sword (elec)
rCold    . . .     Gourm    .   (no shield)
rNeg     . . .     Faith    .   a - +0 robe
rPois    .         Spirit   .   (no helmet)
rElec    .         Reflect  .   (no cloak)
rCorr    .         Harm     .   i - +0 pair of gloves
MR       .....                  (no boots)
Stlth    ++........             (no amulet)
HPRegen  0.03/turn              (no ring)
MPRegen  0.10/turn              (no ring)

@: lethally poisoned (0 -> -10)
A: no striking features
a: no special abilities


You were on level 1 of the Dungeon.
You were not hungry.

You visited 1 branch of the dungeon, and saw 2 of its levels.

You collected 61 gold pieces.

Inventory:

Hand Weapons
 g - a +0 short sword of electrocution (weapon)
Armour
 a - a +0 robe (worn)
 i - a +0 pair of gloves (worn)
Scrolls
 e - a scroll of enchant weapon {unknown}
 f - 2 scrolls of random uselessness {unknown}
 h - a scroll of amnesia {unknown}
 j - 2 scrolls of remove curse {unknown}
 n - a scroll of enchant armour {unknown}
 o - a scroll of identify {unknown}
Potions
 k - a potion of curing {unknown}
Books
 b - a book of Air

   Spells                             Type                      Level
   a - Shock                          Conjuration/Air              1
   b - Swiftness                      Charms/Air                   2
   c - Static Discharge               Conjuration/Air              3
   d - Airstrike                      Air                          4
   e - Lightning Bolt                 Conjuration/Air              5
Comestibles
 c - a bread ration
 d - 2 fruits
 l - a meat ration
 m - a royal jelly


   Skills:
 - Level 2.4 Dodging
 - Level 2.4 Stealth
 + Level 3.2 Spellcasting
 + Level 1.4 Conjurations
 * Level 3.2 Air Magic


You had 5 spell levels left.
You knew the following spells:

 Your Spells              Type           Power        Failure   Level  Hunger
a - Shock                 Conj/Air       ##..         6%          1    None


Dungeon Overview and Level Annotations

Branches:
Dungeon (2/15)

Altars:
Xom


Message History

You climb downwards. 2 adders, a kobold and a dart slug come into view.
The adder hisses angrily.
The adder closely misses you. The adder bites you.
The dart slug closely misses you.
Found a smoky inky potion.
There is a stone staircase leading up here.
The adder misses you. The adder barely misses you. The kobold misses you.
The dart slug closely misses you.
You climb upwards.
There is a stone staircase leading down here.
The adder bites you. The kobold barely misses you. The adder misses you.
The adder bites you.
* * * LOW HITPOINT WARNING * * *
You are lethally poisoned!
The adder poisons you!
* * * LOW HITPOINT WARNING * * *
You feel sick. The kobold hits you but does no damage. The dart slug bites you.
* * * LOW HITPOINT WARNING * * *
You die...

.......# #.####.####.#
######.######.#....# #.#
...#.#......#.#.#..####.#
.....######.#.#.......#.#
.#.#.######.#.###..##.#.#
.#.#.##.....#.......#.#.#
.#.#......#.........#.#.#
##.########......#w.###.#
................@.SS....#
####.###########.#K.#####
.≈.....≈..######....#
.≈≈≈≈.≈≈.......######
≈≈≈≈≈≈≈≈≈..........###
≈≈≈≈≈≈≈≈≈≈≈≈≈≈≈..§...##
≈≈≈≈≈≈§≈≈≈≈≈≈≈.§≈≈....#
≈#######≈≈≈≈§≈#§§.≈≈§§#
## ###≈§≈≈#≈§≈#≈≈≈#


You could see 2 adders, a dart slug and a kobold.

Vanquished Creatures
  A leopard gecko (D:2)
  3 hobgoblins (D:1)
  A frilled lizard (D:1)
  A rat (D:1)
6 creatures vanquished.

Notes
Turn   | Place    | Note
-------+----------+-------------------------------------------
     0 | D:1      | karf the Deep Elf Air Elementalist began the quest for the Orb.
     0 | D:1      | Reached XP level 1. HP: 10/10 MP: 6/6
   134 | D:1      | Found a shimmering altar of Xom.
   878 | D:2      | Noticed a bullfrog
   985 | D:1      | Succumbed to an adder's poison

Vault maps used:
D:1:      dpeg_arrival_water_fire, xom_teletrap_fun
D:2:      lemuel_doored_altar, nicolae_overflow_hidden_temple, elyvilon_altar_1

Action                   || total
-------------------------++-------
Melee: Short sword       ||     5
 Cast: Shock             ||    14
Dodge: Dodged            ||    15

Table legend:
 A = Spawn XP
 B = Non-spawn XP
 C = Spawn XP percentage of total XP
 D = Spawn monster count
 E = Non-spawn monster count
 F = Spawn count percentage of total count
 G = Total turns spent on level
                    A         B        C        D         E        F      G
               +---------+---------+-------+---------+---------+-------+---------
         Total |       0 |      11 |   0.0 |       0 |       6 |   0.0 |   985
               +---------+---------+-------+---------+---------+-------+---------
           D:1 |       0 |       8 |   0.0 |       0 |       5 |   0.0 |   976
           D:2 |       0 |       3 |   0.0 |       0 |       1 |   0.0 |     9
               +---------+---------+-------+---------+---------+-------+---------
